 Dungeon Crawl Stone Soup version 0.26-b1-32-g5d43845318 (webtiles) character file.

Game seed: 4446516969199309987

74 inmateoo the Sneak (level 4, 0/37 HPs)
             Began as a Merfolk Delver on Jan 9, 2021.
             Killed by divine providence
             ... invoked by an orc priest
              (9 damage)
             ... on level 3 of the Dungeon.
             The game lasted 00:02:26 (1452 turns).

inmateoo the Sneak (Merfolk Delver)                 Turns: 1452, Time: 00:02:27

Health: 0/37       AC:  5    Str: 12    XL:     4   Next: 28%
Magic:  4/4        EV: 14    Int:  9    God:
Gold:   82         SH:  0    Dex: 21    Spells: 3/3 levels left

rFire    . . .     SeeInvis .   a - +0 spear
rCold    . . .     Faith    .   (no shield)
rNeg     . . .     Spirit   .   b - +0 leather armour
rPois    .         Reflect  .   (no helmet)
rElec    +         Harm     .   (no cloak)
rCorr    .         Rampage  .   i - +1 pair of gloves of the King of the Hill {rElec Dex+5 Stlth-}
Will     .....                  (no boots)
Stlth    ++........             (no amulet)
HPRegen  0.12/turn              (no ring)
MPRegen  0.09/turn              (no ring)

@: no status effects
A: change form in water, swift swim, stealthy swim
a: no special abilities


You were on level 3 of the Dungeon.
You visited 1 branch of the dungeon, and saw 4 of its levels.

You collected 82 gold pieces.

Inventory:

Hand Weapons
 a - a +0 spear (weapon)
Missiles
 d - 22 stones (quivered)
Armour
 b - a +0 leather armour (worn)
 i - the +1 pair of gloves of the King of the Hill (worn) {rElec Dex+5 Stlth-}
   (You found it on level 5 of the Dungeon)

   It affects your dexterity (+5).
   It insulates you from electricity.
   It makes you less stealthy.
Wands
 g - a wand of digging (3)
Scrolls
 c - a scroll of fog
 e - a scroll of fear
Potions
 f - 2 potions of flight {unknown}
 h - a potion of attraction {unknown}
 j - a potion of might {unknown}


   Skills:
 + Level 4.0 Fighting
 * Level 5.0 Polearms
 + Level 3.7 Dodging
 - Level 5.4 Stealth


You had 3 spell levels left.
You didn't know any spells.
Your spell library was empty.

Dungeon Overview and Level Annotations

Branches:
Dungeon (5/15)             Temple (0/1) D:4

Altars:

Shops:
D:4 =

Annotations:
D:2 Sigmund


Message History

You have reached level 4!
You hit the goblin but do no damage. The goblin closely misses you.
You hit the goblin.
You kill the goblin!
An orc priest comes into view.
Your Fighting skill increases to level 4!
You barely miss the orc. The orc misses you.
You hit the orc but do no damage.
The orc priest calls down the wrath of Beogh upon you.
Beogh smites you!
You hit the orc but do no damage. The orc misses you.
You hit the orc but do no damage. The orc hits you with a +0 morningstar!
The orc priest casts a cantrip, but nothing happens.
The orc priest invokes the aid of Beogh against you.
Beogh smites you!
* * * LOW HITPOINT WARNING * * *
The orc priest looks satisfied for a moment.
The orc priest calls down the wrath of Beogh upon you.
Beogh smites you!
You die...

#.#.....# #....##'#.........#
#.#.###.# #.............#####
#o#.# # #.............#
#.#.#+###### #.............#
#.#........# ###'#........#####
#.##.......#####.#....).......##
#.o........#...#.#............'.
#####.#######.#.#..............##
..........o...o.@#.............+.
#####.########.†...#####.......##
#.....# #...##### #......†##
#.##### #.##...# #.######..
#.##†..# #.# #.# #.##...# #.# #.#
#.##...######.# #.#
#.............# #.#
#......####### #.#


You could see an orc priest and an orc.

Vanquished Creatures
  An orc priest (D:3)
  2 adders
  A leopard gecko (D:3)
  2 bats
  A giant cockroach (D:3)
  4 goblins
  3 hobgoblins (D:3)
  4 kobolds (D:3)
  2 quokkas
  A frilled lizard (D:3)
  A leopard gecko skeleton (D:3)
  3 rats (D:3)
25 creatures vanquished.

Notes
Turn   | Place    | Note
-------+----------+-------------------------------------------
     0 | D:5      | inmateoo the Merfolk Delver began the quest for the Orb.
     0 | D:5      | Reached XP level 1. HP: 18/18 MP: 1/1
    15 | D:5      | Got a pair of translucent gloves
    21 | D:5      | Identified the +1 pair of gloves of the King of the Hill
                  | {rElec Dex+5 Stlth-} (You found it on level 5 of the
                  | Dungeon)
    26 | D:5      | Noticed an orc priest
    28 | D:4      | Noticed a worker ant
    74 | D:4      | Found Ciggu's Jewellery Emporium.
   211 | D:3      | Reached XP level 2. HP: 16/24 MP: 2/2
   455 | D:2      | Reached XP level 3. HP: 15/30 MP: 3/3
   872 | D:2      | Noticed Sigmund
  1426 | D:3      | Reached skill level 5 in Polearms
  1426 | D:3      | Reached XP level 4. HP: 37/37 MP: 4/4
  1452 | D:3      | Killed from afar by an orc priest

Illustrated notes

Levels and vault maps discovered:
D:2:      layout_loops_ring, zin_academy, nemelex_xobeh_ov_fountains_minmay,
          uniq_crazy_yiuf_cottage, uniq_sigmund
D:3:      layout_basic, minivault_4, kennysheep_generic_room_14
D:4:      layout_loops_cross, elyvilon_altar_1,
          minmay_temple_entry_enclosed_plants, serial_shops, kennysheep_mini,
          nicolae_shop_waterfront, nicolae_shop_window_shopping,
          kennysheep_mini_moat, nicolae_shop_waterfront, solitary_fountain,
          uniq_eustachio, uniq_menkaure
D:5:      layout_loops_ring, grunt_gozag_statues, serial_shops, shop

Skill      XL: |  1  2  3  4 |
---------------+-------------+-----
Dodging        | 3 |  3.7
Polearms       | 4 5 |  5.0
Fighting       | 4 |  4.0
Stealth        | |  5.4

Action                   |  1- 3 |  4- 6 || total
-------------------------+-------+-------++-------
Melee: Spear             |   114 |     6 ||   120
Throw: Stone             |     3 |       ||     3
  Use: Scroll            |     3 |       ||     3
       Potion            |     1 |       ||     1
 Stab: Sleeping          |     5 |       ||     5
Armor: Leather armour    |    25 |       ||    25
Dodge: Dodged            |    58 |     3 ||    61
